AoeStats
← Tanana

Nomad

503193407Analyzed
4v4 RM · 1mo ago on Aug 30, 2026· 19m 58s· 8 players
Game mode
Random Map
Map size
231×231
Population
200
Speed
Normal
Resources
Standard
Victory
Conquest
Starting age
Dark Age
Ending age
Imperial Age
RankedLock teamsTeams togetherTeam positionsShared explorationLock speedFull tech treeHidden civsTurbo modeCheats
Victory
Defeat
🇦🇷 Spanish · Argentina
1397
+13
🇦🇷 Huns · Argentina
1385
+14
🇮🇱 Persians · Israel
1339
+16
🇫🇷 Georgians · France
1275
+19
🇩🇪 Saracens · Germany
1363
-17
🇩🇪 Vietnamese · Germany
1331
-15
🇩🇪 Persians · Germany
1331
-15
🇩🇪 Koreans · Germany
1326
-15
I still hate Goths
2:59 Loom
12:48 Feudal Age
17:38 Castle Age
15:49 Double-Bit Axe
16:48 Scale Barding Armor
Fürst Zono
4:55 Loom
13:38 Feudal Age
17:50 Castle Age
I still love Koreans
5:46 Loom
13:10 Feudal Age
16:47 Castle Age
15:45 Double-Bit Axe
17:16 Wheelbarrow
16:49 Fishing Lines
17:38 Bow Saw
18:33 Medium Warships
20:04 Fletching
Tanana
3:54 Loom
13:45 Feudal Age
17:48 Castle Age
16:21 Double-Bit Axe
17:11 Horse Collar
18:28 Scale Mail Armor
18:25 Pikeman
19:18 Forging
Wavelogic
13:15 Feudal Age
11:40 Loom
16:49 Castle Age
15:39 Double-Bit Axe
15:59 Horse Collar
17:41 Bow Saw
18:50 Gold Mining
Borg
4:07 Loom
13:40 Feudal Age
14:10 Double-Bit Axe
22:17 Castle Age
facuescudero2375
5:59 Loom
13:04 Feudal Age
14:04 Double-Bit Axe
18:38 Castle Age
16:38 Stone Mining
16:43 Gold Mining
leotectos
5:59 Loom
13:00 Feudal Age
16:42 Castle Age
17:17 Wheelbarrow
17:18 Double-Bit Axe
18:37 Bow Saw
Connection lost

Rejoining the realm…

Still unreachable

The connection could not be restored.

Session expired

The server has moved on; the page needs a fresh start.